 Dungeon Crawl Stone Soup version 0.31-a0-267-g3fc6992 (webtiles) character file.

Game seed: 9399314287787038232

7903 Dawnplanks the Zephyrmancer (level 11, -2/61 HPs)
             Began as a Tengu Air Elementalist on July 14, 2023.
             Was a Follower of Vehumet.
             Slain by an unseen horror (3 damage)
             ... on level 10 of the Dungeon.
             The game lasted 00:19:58 (11230 turns).

Dawnplanks the Zephyrmancer (TeAE)                 Turns: 11230, Time: 00:19:59

Health: -2/61      AC:  4    Str:  8    XL:     11   Next: 22%
Magic:  16/26      EV: 17    Int: 20    God:    Vehumet [*.....]
Gold:   508        SH:  0    Dex: 15    Spells: 20/30 levels left

rFire   . . .        B - +5 battleaxe (freeze)
rCold   . . .        (shield currently unavailable)
rNeg    . . .        a - +0 robe
rPois   .            (helmet restricted)
rElec   .            g - +0 cloak
rCorr   .            C - +0 pair of gloves
SInv    .            (boots unavailable)
Will    +....        D - amulet of the acrobat
Stlth   ++           H - ring of willpower
HPRegen 0.30/turn    A - ring of wizardry
MPRegen 0.20/turn

%: acrobat, wizardry (x1)
@: swift, flying quickly and evasively, very quick
A: beak, talons 3, nimble flight
a: Renounce Religion


You were on level 10 of the Dungeon.
You worshipped Vehumet.
Vehumet was aware of your devotion.
You visited 2 branches of the dungeon, and saw 11 of its levels.

You collected 568 gold pieces.
You spent 60 gold pieces at shops.

Inventory:

Hand Weapons
 v - a +1 dagger of venom
 B - a +5 battleaxe of freezing (weapon)
Armour
 a - a +0 robe (worn)
 g - a +0 cloak (worn)
 C - a +0 pair of gloves (worn)
Jewellery
 e - a +6 ring of strength
 p - a +6 ring of dexterity
 A - a ring of wizardry (right hand)
 D - an amulet of the acrobat (around neck)
 H - a ring of willpower (left hand)
Talismans
 F - a talisman of death
Wands
 G - a wand of acid (10)
Scrolls
 c - 4 scrolls of teleportation
 d - a scroll of acquirement {unknown}
 f - 3 scrolls of noise {unknown}
 i - 2 scrolls of immolation {unknown}
 j - 2 scrolls of enchant weapon {unknown}
 k - 2 scrolls of summoning {unknown}
 m - 2 scrolls of enchant armour {unknown}
 o - a scroll of brand weapon
 q - 4 scrolls of blinking {unknown}
 r - 3 scrolls of fear {unknown}
 u - 3 scrolls of vulnerability {unknown}
 x - 3 scrolls of poison {unknown}
 y - 2 scrolls of fog {unknown}
 I - a scroll of revelation {unknown}
Potions
 b - 2 potions of magic
 h - a potion of mutation
 l - a potion of might
 n - 2 potions of enlightenment
 s - 2 potions of brilliance
 t - a potion of berserk rage
 w - a potion of heal wounds
 z - 2 potions of attraction {unknown}
 E - 2 potions of ambrosia {unknown}
 J - a potion of cancellation {unknown}


   Skills:
 * Level 4.0 Fighting
 * Level 5.2 Dodging
 - Level 2.0 Stealth
 + Level 10.4 Spellcasting
 + Level 7.3 Conjurations
 + Level 13.4 Air Magic


You had 20 spell levels left.
You knew the following spells:

 Your Spells              Type           Power      Damage    Failure   Level
a - Shock                 Conj/Air       100%       1d9       1%          1
b - Static Discharge      Conj/Air       100%       2-7/arc   1%          2
c - Swiftness             Air            59%        N/A       1%          3
d - Airstrike             Air            29%        2d(5-21)  1%          4

Your spell library contained the following spells:

 Spells                   Type           Power      Damage    Failure   Level
 Freeze                   Ice            40%        1d6       2%          1
 Stone Arrow              Conj/Erth      50%        3d10      1%          3
 Sandblast                Erth           20%        2d7       2%          1
 Passwall                 Tmut/Erth      8%         N/A       4%          2
 Anguish                  Hex/Necr       5%         N/A       26%         4
 Cause Fear               Hex            5%         N/A       26%         4
 Enfeeble                 Hex            5%         N/A       100%        7


Dungeon Overview and Level Annotations

Branches:
Dungeon (10/15)            Temple (1/1) D:6            Lair (0/5) D:10
    Orc: D:9-12

Altars:
Ashenzari
Cheibriados
Dithmenos
Elyvilon
Fedhas
Gozag
Hepliaklqana
Kikubaaqudgha
Makhleb
Nemelex Xobeh
Okawaru
Qazlal
Ru
Sif Muna
Uskayaw
Vehumet
Wu Jian
Xom
Yredelemnul
Zin
The Shining One
Jiyva

Shops:
D:6 !   D:8 **

Annotations:
D:6 3 runed translucent doors, bloodbathe's ghost, novice TeAE


Innate Abilities, Weirdness & Mutations

You have a beak for a mouth.
You have claws for feet.
Your magical nature lets you fly swiftly and evasively.


Message History

Casting: Swiftness (safe; 1% risk of failure)
Confirm with . or Enter, or press ? or * to list all spells.
You don't know that spell.
Casting: Swiftness (safe; 1% risk of failure)
Confirm with . or Enter, or press ? or * to list all spells.
Okay, then.
Casting: Swiftness (safe; 1% risk of failure)
Confirm with . or Enter, or press ? or * to list all spells.
Okay, then.
Casting: Swiftness (safe; 1% risk of failure)
Confirm with . or Enter, or press ? or * to list all spells.
Aiming: Airstrike (safe; 1% risk of failure)
Press: ? - help, Dir - move target The air twists around and strikes something.
Something hits you! Something hits you.
Casting: Airstrike (safe; 1% risk of failure)
Confirm with . or Enter, or press ? or * to list all spells.
Aiming: Airstrike (safe; 1% risk of failure)
Press: ? - help, Dir - move target The air twists around and strikes something!
Something hits you! Something hits you.
* * * LOW HITPOINT WARNING * * *
Casting: Airstrike (safe; 1% risk of failure)
Confirm with . or Enter, or press ? or * to list all spells.
You don't know that spell.
Unknown command.
Something misses you.
You miss something. Something hits you.
* * * LOW HITPOINT WARNING * * *
Something barely misses you.
You barely miss something. You peck something.
Something hits you but does no damage. Something hits you!
* * * LOW HITPOINT WARNING * * *
Something hits you but does no damage.
Casting: Airstrike (safe; 1% risk of failure)
Confirm with . or Enter, or press ? or * to list all spells.
You feel quick. Something hits you!
* * * LOW HITPOINT WARNING * * *
Something hits you.
You die...

#..... ..........
#....# #.............
#....# #.............
#....# #.............
#....# #..........)..
#....# #.............
#....# #...).........
#...<#####..........<..
#....{@Y...............
###..###+#####..##'####
#..# #..#...... #..#
#..#...... #..#
#..#...... #..#
#..#...... #..#
#..#...... #..#
#.Y'...... #..######
#..#.....>


You could see a death yak.

Vanquished Creatures
  4 two-headed ogres
  A death yak (D:10)
  Maggie (D:7)
  2 trolls (D:9)
  A slime creature (D:10)
  9 yaks (D:9)
  2 wyverns
  2 water moccasins
  An orc warrior (D:6)
  An ice beast (D:7)
  A black bear (D:6)
  2 sky beasts (D:7)
  5 centaurs
  A kobold brigand (D:9)
  2 bullfrogs
  A gnoll sergeant (D:4)
  3 scorpions
  6 wights
  3 jellies (D:10)
  A hound (D:5)
  4 orc priests
  A gnoll bouda (D:7)
  4 sleepcaps
  4 orc wizards
  13 gnolls
  9 adders
  A shadow imp (D:5)
  An ufetubus (D:6)
  2 dart slugs (D:4)
  21 orcs
  3 ball pythons
  8 endoplasms
  6 giant cockroaches
  3 hobgoblins
  2 jackals (D:2)
  12 kobolds
  4 quokkas
  3 bats
  6 goblins
  6 rats
162 creatures vanquished.

Notes
Turn   | Place    | Note
-------+----------+-------------------------------------------
     0 | D:1      | Dawnplanks the Tengu Air Elementalist began the quest for
                  | the Orb.
     0 | D:1      | Reached XP level 1. HP: 10/10 MP: 4/4
   529 | D:2      | Reached XP level 2. HP: 15/15 MP: 0/6
   653 | D:2      | Found a faded altar of an unknown god.
  1163 | D:2      | Reached XP level 3. HP: 19/19 MP: 0/7
  1712 | D:3      | Found a snail-covered altar of Cheibriados.
  1822 | D:3      | Reached skill level 5 in Air Magic
  2184 | D:3      | Reached XP level 4. HP: 8/24 MP: 7/9
  2606 | D:4      | Gained mutation: Your magical nature lets you fly swiftly
                  | and evasively. [Tengu growth]
  2606 | D:4      | Reached XP level 5. HP: 28/28 MP: 5/10
  2609 | D:4      | Learned a level 2 spell: Static Discharge
  2613 | D:4      | Learned a level 3 spell: Swiftness
  2618 | D:4      | Learned a level 4 spell: Airstrike
  2808 | D:4      | Found an ancient bone altar of Kikubaaqudgha.
  3308 | D:4      | Reached skill level 6 in Air Magic
  3308 | D:4      | Reached XP level 6. HP: 13/32 MP: 4/12
  3667 | D:5      | Entered Level 5 of the Dungeon
  4212 | D:5      | Reached skill level 5 in Conjurations
  4212 | D:5      | Reached XP level 7. HP: 33/37 MP: 6/14
  4552 | D:5      | Reached skill level 7 in Air Magic
  4744 | D:5      | Found a burning altar of Makhleb.
  4811 | D:5      | Paralysed by an orc for 4 turns
  4945 | D:6      | Found a staircase to the Ecumenical Temple.
  4966 | Temple   | Entered the Ecumenical Temple
  4996 | Temple   | Became a worshipper of Vehumet
  5126 | D:6      | Reached skill level 5 in Spellcasting
  5126 | D:6      | Reached XP level 8. HP: 42/42 MP: 11/16
  5652 | D:6      | Reached skill level 8 in Air Magic
  5736 | D:6      | Found a runed translucent gate.
  5736 | D:6      | Found a runed translucent gate.
  5736 | D:6      | Found a runed translucent gate.
  5737 | D:6      | Noticed bloodbathe's ghost (novice TeAE)
  5737 | D:6      | Noticed a spectral unseen horror
  5870 | D:6      | Found Demyfyag's Distillery.
  5878 | D:6      | Bought a potion of degeneration for 15 gold pieces
  5879 | D:6      | Bought a potion of curing for 45 gold pieces
  6792 | D:7      | Reached skill level 9 in Air Magic
  6855 | D:7      | Identified the +8 short sword of Certain Death {venom,
                  | Int+4}
  6859 | D:7      | Found a white marble altar of Elyvilon.
  7314 | D:7      | Reached XP level 9. HP: 46/46 MP: 10/20
  7404 | D:7      | Noticed Maggie
  7582 | D:7      | Killed Maggie
  7583 | D:7      | Reached skill level 10 in Air Magic
  8130 | D:8      | Reached * piety under Vehumet
  8130 | D:8      | Offered knowledge of Freeze by Vehumet.
  8221 | D:8      | Found Cuibaox's General Store.
  8237 | D:8      | Found Nalysch's Specific Store.
  8345 | D:8      | Noticed a two-headed ogre
  8357 | D:8      | Killed a two-headed ogre
  8358 | D:8      | Reached skill level 11 in Air Magic
  8790 | D:8      | Found a stormy altar of Qazlal.
  9012 | D:9      | Noticed a troll
  9019 | D:9      | Killed a troll
  9256 | D:9      | Reached skill level 1 in Fighting
  9256 | D:9      | Reached XP level 10. HP: 52/52 MP: 10/23
  9262 | D:9      | Noticed a two-headed ogre
  9808 | D:9      | Reached skill level 12 in Air Magic
  9879 | D:9      | Found a hide-covered altar of Uskayaw.
 10069 | D:9      | Killed a two-headed ogre
 10579 | D:10     | Entered Level 10 of the Dungeon
 10595 | D:10     | Noticed a two-headed ogre
 10597 | D:10     | Killed a two-headed ogre
 10598 | D:10     | Reached skill level 10 in Spellcasting
 10687 | D:10     | Reached skill level 13 in Air Magic
 10689 | D:10     | Found a viscous altar of Jiyva.
 10807 | D:10     | Reached XP level 11. HP: 60/60 MP: 21/26
 10875 | D:10     | Noticed a two-headed ogre
 10883 | D:10     | Killed a two-headed ogre
 10884 | D:10     | Reached skill level 5 in Dodging
 10982 | D:10     | Found a staircase to the Lair.
 10984 | D:10     | Noticed a death yak
 10984 | D:10     | Noticed a death yak
 10987 | D:10     | Noticed a death yak
 10992 | D:10     | Killed a death yak
 11230 | D:10     | HP: 1/61 [something (9)]
 11230 | D:10     | Slain by an unseen horror

Illustrated notes

Levels and vault maps discovered:
D:1:      lemuel_arrival_funnel, layout_rooms
D:2:      layout_loops_ring, dreamdust_ecumenical_altar_grove,
          minmay_misc_feat_rugged
D:3:      layout_rooms, mainiacjoe_overflow_alcove_1
D:4:      minmay_chambers_of_fours, layout_basic, mainiacjoe_overflow_paths,
          kennysheep_big_empty_room
D:5:      layout_basic, demons_altar
D:6:      layout_loops_cross, minmay_temple_entry_tees, serial_shops, shop,
          gammafunk_ghost_necromancy
D:7:      layout_gridville, marbit_many_paths, chequers_avenue, uniq_maggie
D:8:      layout_loops_ring, nicolae_overflow_hidden_temple,
          nicolae_specific_store
D:9:      layout_basic, nicolae_uskayaw_dance_hall
D:10:     layout_irregular_city, dpeg_lair_monsters, jiyva_altar_1
Temple:   nicolae_temple_superstar

Skill      XL: |  1  2  3  4  5  6  7  8  9 10 11 |
---------------+----------------------------------+-----
Conjurations   | 2 3 4 5 6 7 |  7.3
Air Magic      | 5 6 7 9 11 13 | 13.4
Spellcasting   | 3 4 5 6 8 10 | 10.4
Dodging        | 3 4 5 |  5.2
Fighting       | 1 3 4 |  4.0
Stealth        | |  2.0

Action                     |  1- 3 |  4- 6 |  7- 9 | 10-12 || total
---------------------------+-------+-------+-------+-------++-------
  Melee: Dagger            |    14 |    10 |     1 |       ||    25
         Kick              |     6 |     3 |       |     3 ||    12
         Peck              |     2 |     3 |     1 |     3 ||     9
         Short sword       |     1 |       |       |       ||     1
         Battleaxe         |       |       |     2 |    11 ||    13
   Cast: Shock             |    75 |    90 |    87 |    33 ||   285
         Airstrike         |       |     2 |    56 |    38 ||    96
         Static Discharge  |       |     4 |    19 |     3 ||    26
         Swiftness         |       |       |     1 |     3 ||     4
    Use: Scroll            |       |       |     8 |     1 ||     9
         Potion            |       |       |     1 |       ||     1
 Armour: Robe              |     7 |     2 |     6 |     3 ||    18
  Dodge: Dodged            |     7 |    24 |    24 |    20 ||    75

Table legend: (Time is in decaauts)
 A = Elapsed time spent in this place.
 B = Non-inter-level travel time spent in this place.
 C = Inter-level travel time spent in this place.
 D = Time resting spent in this place.
 E = Time spent auto-exploring this place.
 F = Levels seen in this place.
 G = Mean time per level.
                   A        B        C        D        E       F      G
               +--------+--------+--------+--------+--------+-----+--------+
         Total |  10774 |  10175 |    599 |    658 |   8392 |  11 |  979.5 |
       Dungeon |  10474 |   9986 |    488 |    475 |   8392 |  10 | 1047.4 |
        Temple |    299 |    188 |    111 |    183 |      0 |   1 |  299.0 |
               +--------+--------+--------+--------+--------+-----+--------+

Top non-repeatable levels by time:
     D:9: 1676 daAuts
     D:4: 1573 daAuts
     D:7: 1427 daAuts
     D:6: 1315 daAuts
     D:5: 924 daAuts
     D:2: 884 daAuts
     D:8: 867 daAuts
     D:3: 841 daAuts
     D:1: 521 daAuts
    D:10: 442 daAuts
  Temple: 299 daAuts
